 Dungeon Crawl Stone Soup version 0.29.1-14-g9c671dbff4 (webtiles) character file.

Game seed: 6411899714909015654

723 croobank the Covert (level 7, -2/49 HPs)
             Began as an Octopode Delver on Feb 17, 2023.
             Was an Initiate of Gozag.
             Slain by a hornet (12 damage)
             ... on level 5 of the Dungeon.
             The game lasted 00:13:28 (6034 turns).

croobank the Covert (Octopode Delver)               Turns: 6034, Time: 00:13:29

Health: -2/49      AC:  1    Str: 11    XL:     7   Next: 71%
Magic:  10/10      EV: 14    Int: 14    God:    Gozag
Gold:   144        SH:  0    Dex: 14    Spells: 7/10 levels left

rFire   . . .      SeeInvis .   a - +2 hand axe (freeze)
rCold   + . .      Faith    .   (no shield)
rNeg    . . .      Spirit   .   (helmet restricted)
rPois   +          Reflect  .   (no amulet)
rElec   .          Harm     .   g - ring "Xoyshan" {rPois rC+}
rCorr   .          Rampage  .   (no ring)
Will    .....                   (no ring)
Stlth   +++++.....              (no ring)
HPRegen 0.16/turn               (no ring)
MPRegen 0.12/turn               (no ring)
                                (no ring)
                                (no ring)

@: no status effects
A: almost no armour, amphibious, 8 rings, camouflage 1, gelatinous body 1,
(nimble swimmer 1), tentacles
a: Renounce Religion, Potion Petition, Call Merchant, Bribe Branch


You were on level 5 of the Dungeon.
You worshipped Gozag.
Gozag was aware of your devotion.
You visited 2 branches of the dungeon, and saw 7 of its levels.
You also visited: Ossuary.

You collected 255 gold pieces.
You paid 111 gold pieces to Gozag.

Inventory:

Hand Weapons
 a - a +2 hand axe of freezing (weapon)
 c - a +0 short sword
 x - a +1 whip of electrocution
Missiles
 h - a poisoned dart (quivered)
Jewellery
 g - the ring "Xoyshan" (left tentacle) {rPois rC+}
   (You took it off an orc on level 4 of the Dungeon)

   [ring of poison resistance]

   rC:        It protects you from cold.
   rPois:     It protects you from poison.
 j - a ring of fire
 u - a ring of protection from fire
Wands
 f - a wand of digging (10)
Scrolls
 b - a scroll of fog
 d - a scroll of fear
 i - a scroll of immolation
 l - a scroll of poison
 s - 2 scrolls of identify {unknown}
 t - a scroll of enchant armour {unknown}
 v - a scroll of noise {unknown}
 w - a scroll of enchant weapon {unknown}
 y - 2 scrolls of amnesia
 z - a scroll of teleportation
 A - a scroll of blinking {unknown}
Potions
 e - a potion of haste
 k - a potion of cancellation {unknown}
 m - 3 potions of heal wounds {unknown}
 n - a potion of lignification {unknown}
 p - a potion of invisibility
 q - a potion of brilliance {unknown}
 r - a potion of curing {unknown}


   Skills:
 + Level 4.3 Fighting
 + Level 3.7 Axes
 + Level 3.7 Dodging
 + Level 8.0 Stealth
 * Level 2.0 Spellcasting
 * Level 2.1 Conjurations
 * Level 2.3 Air Magic
 * Level 2.6 Poison Magic


You had 7 spell levels left.
You knew the following spells:

 Your Spells              Type           Power      Damage    Failure   Level
a - Mephitic Cloud        Conj/Pois/Air  8%         N/A       26%         3

Your spell library contained the following spells:

 Spells                   Type           Power      Damage    Failure   Level
 Necrotise                Necr           4%         1d4       24%         1
 Ignite Poison            Fire/Tmut/Pois 3%         N/A       45%         3
 Vampiric Draining        Necr           1%         2d6       56%         3
 Freezing Cloud           Conj/Ice/Air   2%         6-21      98%         5
 Agony                    Necr           1%         N/A       100%        5


Dungeon Overview and Level Annotations

Branches:
Dungeon (6/15)             Temple (1/1) D:4         Ossuary (visited)

Altars:
Cheibriados
Dithmenos
Fedhas
Gozag
Hepliaklqana
Kikubaaqudgha
Makhleb
Nemelex Xobeh
Qazlal
Ru
Sif Muna
Uskayaw
Vehumet
Xom
Yredelemnul
Zin
The Shining One

Annotations:
D:3 Sigmund
D:6 Maggie


Innate Abilities, Weirdness & Mutations

You cannot wear most types of armour.
You are amphibious.
You can wear up to eight rings at the same time.
Your skin changes colour to match your surroundings (Stealth+).
Your rubbery body absorbs attacks. (AC +1, EV +1)
((You are camouflaged when in or above water. (Stealth+)))
You have tentacles for arms and can constrict up to eight enemies at once.


Message History

You closely miss the shadow imp. Your grab misses the shadow imp.
The shadow imp misses you. The shadow imp closely misses you.
Aiming: Fastroot
Press: ? - help, Shift-Dir - straight line The roots erupt in riotous growth!
Roots grab the shadow imp.
Roots grab the hornet.
The now-empty wand crumbles to dust.
The grasping roots constrict the shadow imp.
The grasping roots constrict the hornet.
You hear an angry hiss.
The hornet struggles to escape constriction.
The shadow imp hits you.
You hit the shadow imp. You squeeze the shadow imp.
The shadow imp is severely wounded.
The grasping roots constrict the shadow imp!
You kill the shadow imp!
The grasping roots constrict the hornet!
The roots release their grip on the hornet.
The hornet misses you.
Okay, then.
Okay, then.
Throw: 2 darts (poison)
Press: ? - help, Q - select action, (/) - cycle Shift-Dir - straight line, f - hornet
Aim: a hornet (heavily wounded, 46% to hit)
You throw a poisoned dart.
The poisoned dart barely misses the hornet.
The hornet misses you. The scorpion stings you.
You hit the hornet but do no damage. You grab the hornet.
You squeeze the hornet, but do no damage.
The hornet is heavily wounded.
You hit the scorpion. You freeze the scorpion. You constrict the hornet.
The hornet stings you! The scorpion stings you! The hornet closely misses you.
You hit the hornet. You freeze the hornet.
Your tentacle-slap misses the hornet.
The hornet is severely wounded.
You barely miss the scorpion. You constrict the hornet. The hornet stings you!
* * * LOW HITPOINT WARNING * * *
The scorpion misses you. The hornet stings you!
You die...
Your body crumbles into a pile of gold.

.>## ...# ...# ...#
#######******* ..##
##.....##.,,,,** ..##
##.........,,,,,** ...#
#..........,,,,,,* ...# #####
#..........,,,,,,* ...#
#...###$.@y.....(,$,,,,*
..######.#.#..$..s......,,,,,,*
.##.......)..#..........,,,,,,*
....#.####.###...(......,,,,,,*
#.....# #.# ##.........,,,,,**
..#..## #.# ##.....#..,,,,**
####)## #.# #######,#***** #
#..## #.# *,* # #...#*#.#******
*,*


You could see a hornet and a scorpion.

Vanquished Creatures
  A black bear (D:4)
  An ogre (D:5)
  3 scorpions
  A howler monkey (D:4)
  2 orc priests (D:4)
  An orc wizard (D:4)
  Natasha (thrice) (D:2)
  9 adders
  A shadow imp (D:5)
  A worm (D:3)
  2 dart slugs
  8 orcs
  7 endoplasms
  A giant cockroach (D:4)
  4 goblins
  3 hobgoblins
  4 jackals (D:1)
  4 quokkas
  4 ball pythons
  4 bats
  2 frilled lizards
  7 kobolds
  12 rats
85 creatures vanquished.

Vanquished Creatures (others)
  3 fungi (D:2)
  3 plants (D:2)
6 creatures vanquished.

Grand Total: 91 creatures vanquished

Notes
Turn   | Place    | Note
-------+----------+-------------------------------------------
     0 | D:5      | croobank the Octopode Delver began the quest for the Orb.
     0 | D:5      | Reached XP level 1. HP: 16/16 MP: 1/1
     1 | D:6      | Noticed Maggie
     1 | D:6      | Noticed a steam dragon
    16 | D:5      | Reached XP level 2. HP: 21/21 MP: 2/2
    44 | D:5      | Found a sand-covered staircase.
    53 | Ossuary  | Entered an ossuary
    86 | D:4      | Noticed a black bear
   123 | D:5      | Noticed a steam dragon
   226 | D:4      | Noticed a howler monkey
   357 | D:4      | Noticed a scorpion
   362 | D:3      | Killed a scorpion
   363 | D:3      | Reached skill level 7 in Stealth
   363 | D:3      | Reached XP level 3. HP: 15/26 MP: 3/3
   363 | D:3      | Reached XP level 4. HP: 18/32 MP: 4/4
  1390 | D:2      | Noticed Natasha
  1400 | D:2      | Killed Natasha
  1401 | D:2      | Reached XP level 5. HP: 25/37 MP: 5/5
  1790 | D:2      | Learned a level 3 spell: Mephitic Cloud
  1881 | D:2      | Noticed Natasha
  1895 | D:2      | Killed Natasha
  2260 | D:2      | Found a blossoming altar of Fedhas.
  2316 | D:2      | Noticed Natasha
  2327 | D:2      | Killed Natasha
  2328 | D:2      | Reached XP level 6. HP: 43/43 MP: 6/6
  2374 | D:2      | Found a faded altar of an unknown god.
  3194 | D:3      | Noticed Sigmund
  3476 | D:4      | Reached skill level 1 in Conjurations
  3476 | D:4      | Reached skill level 1 in Poison Magic
  3712 | D:4      | Reached skill level 1 in Spellcasting
  3712 | D:4      | Reached skill level 1 in Air Magic
  4438 | D:4      | Identified the ring "Xoyshan" {rPois rC+}
  4760 | D:4      | Reached XP level 7. HP: 47/48 MP: 7/9
  5454 | D:4      | Found a hazy altar of Hepliaklqana.
  5514 | D:4      | Found a staircase to the Ecumenical Temple.
  5520 | Temple   | Entered the Ecumenical Temple
  5560 | Temple   | Became a worshipper of Gozag Ym Sagoz the Greedy
  5815 | D:5      | Reached skill level 8 in Stealth
  6027 | D:5      | Noticed a hornet
  6034 | D:5      | Slain by a hornet

Illustrated notes

Levels and vault maps discovered:
D:1:      amcnicky_arrival_choice, layout_loops_ring, grunt_decor_cap
D:2:      layout_loops_ring, shapermc_ecumenical_altar_acropolis, basic_altar,
          uniq_natasha
D:3:      layout_loops_ring, uniq_sigmund
D:4:      layout_rooms, lemuel_round_altar, minmay_temple_entry_nine_rooms,
          kennysheep_orc_chapel
D:5:      layout_rooms, nicolae_ossuary_entry_ruins, serial_shops, shop
D:6:      layout_layer_cave, gup_sewer_entry_bowl,
          hangedman_abyss_or_decor_lesser_grid, kb_rosetta,
          uniq_crazy_yiuf_cottage, uniq_maggie
Temple:   nicolae_temple_elliptical

Skill      XL: |  1  2  3  4  5  6  7 |
---------------+----------------------+-----
Stealth        | 7 8 |  8.0
Dodging        | 3 |  3.7
Axes           | 3 |  3.7
Fighting       | 4 |  4.3
Conjurations   | 1 2 |  2.1
Poison Magic   | 1 2 |  2.6
Spellcasting   | 1 2 |  2.0
Air Magic      | 1 2 |  2.3

Action                   |  1- 3 |  4- 6 |  7- 9 || total
-------------------------+-------+-------+-------++-------
Melee: Hand axe          |    11 |   129 |    31 ||   171
       Constrict         |     4 |    34 |     7 ||    45
       Tentacles         |     2 |    22 |    11 ||    35
       Punch             |       |     3 |       ||     3
       Short sword       |       |     1 |       ||     1
Throw: Dart              |       |     1 |     9 ||    10
Evoke: Wand              |       |     1 |     2 ||     3
  Use: Scroll            |     1 |     5 |     3 ||     9
       Potion            |       |     1 |       ||     1
 Stab: Sleeping          |       |    22 |       ||    22
       Distracted        |       |     3 |       ||     3
Armor: Skin              |     1 |     3 |     1 ||     5
Dodge: Dodged            |     4 |    83 |    22 ||   109
